AoeStats
← Zathao1993

Arabia

507586534Analyzed
3v3 RM · 15d ago on Sep 18, 2026· 27m 47s· 6 players
Game mode
Random Map
Map size
Normal (6 player)
Population
200
Speed
Normal
Resources
Standard
Victory
Conquest
Starting age
Dark Age
Ending age
Imperial Age
RankedLock teamsTeams togetherTeam positionsShared explorationLock speedFull tech treeHidden civsTurbo modeCheats
Victory
Defeat
🇧🇷 Maya · Brazil
1306
+9
🇧🇷 Saracens · Brazil
1263
+11
🇧🇷 Shu · Brazil
937
+23
🇨🇭 Turks · Switzerland
1156
-15
🇪🇸 Persians · Spain
1140
-15
🇧🇷 Mongols · Brazil
1102
-13
Flames44
6:38 Loom
9:01 Feudal Age
9:20 Double-Bit Axe
9:16 Horse Collar
16:04 Forging
16:37 Fletching
21:49 Castle Age
19:56 Gold Mining
20:48 Padded Archer Armor
20:50 Scale Mail Armor
21:49 Crossbowman
22:38 Thumb Ring
23:09 Bow Saw
23:21 Bodkin Arrow
25:03 Leather Archer Armor
26:35 Gold Shaft Mining
26:50 Elite Skirmisher
Bélga
3:56 Loom
12:29 Feudal Age
13:06 Gold Mining
13:13 Double-Bit Axe
20:03 Castle Age
Dyragor
11:59 Feudal Age
10:56 Loom
16:52 Castle Age
15:26 Double-Bit Axe
18:14 Fletching
22:28 Stone Mining
24:33 Bodkin Arrow
27:08 Horse Collar
TROVÃO DO OESTE
0:26 Loom
9:00 Feudal Age
13:52 Fletching
16:57 Padded Archer Armor
22:38 Castle Age
20:35 Gold Mining
20:48 Double-Bit Axe
20:52 Horse Collar
22:42 Stone Mining
23:45 Bow Saw
23:45 Bodkin Arrow
Pikachu Pay
6:52 Loom
9:49 Feudal Age
12:06 Double-Bit Axe
16:22 Fletching
21:07 Horse Collar
22:37 Wheelbarrow
25:19 Castle Age
23:27 Gold Mining
24:37 Padded Archer Armor
25:37 Crossbowman
26:22 Thumb Ring
26:15 Bodkin Arrow
Zathao1993
6:26 Loom
9:07 Feudal Age
16:51 Double-Bit Axe
25:06 Castle Age
23:42 Scale Barding Armor
23:56 Forging
24:30 Bloodlines
27:01 Chain Barding Armor
27:17 Iron Casting
26:08 Light Cavalry
26:49 Husbandry
Connection lost

Rejoining the realm…

Still unreachable

The connection could not be restored.

Session expired

The server has moved on; the page needs a fresh start.